 Dungeon Crawl Stone Soup version 0.29-a0-23-ga79f92ac9c (webtiles) character file.

Game seed: 13608098128143482539

6 HallandMoats the Skirmisher (level 1, 19/19 HPs)
             Began as a Ghoul Monk on Jan 30, 2022.
             Was a Believer of Kikubaaqudgha.
             Safely got out of the dungeon.
             The game lasted 00:00:39 (640 turns).

HallandMoats the Skirmisher (Ghoul Monk)             Turns: 640, Time: 00:00:39

Health: 19/19      AC:  2    Str: 14    XL:     1   Next: 90%
Magic:  0/0        EV: 12    Int:  5    God:    Kikubaaqudgha [**....]
Gold:   19         SH:  0    Dex: 11    Spells: 0/0 levels left

rFire   . . .      SeeInvis .     - Unarmed
rCold   + . .      Faith    .   (no shield)
rNeg    + + +      Spirit   .   a - +0 robe
rPois   ∞          Reflect  .   (no helmet)
rElec   .          Harm     .   (no cloak)
rCorr   .          Rampage  .   (no gloves)
Will    .....                   (no boots)
Stlth   ++........              (no amulet)
HPRegen 0.06/turn               (no ring)
MPRegen 0.07/turn               (no ring)

@: no status effects
A: claws 1, cold resistance 1, negative energy resistance 3, inhibited
regeneration, torment resistance 2
a: Renounce Religion, Receive Corpses


You escaped.
You worshipped Kikubaaqudgha.
Kikubaaqudgha was pleased with you.
You visited 1 branch of the dungeon, and saw 1 of its levels.

You collected 39 gold pieces.
You spent 20 gold pieces at shops.

Inventory:

Armour
 a - a +0 robe (worn)
Jewellery
 b - a ring of wizardry
Scrolls
 d - a scroll of teleportation
Potions
 c - a potion of flight


   Skills:
 + Level 3.3 Fighting
 * Level 0.5 Armour
 * Level 2.8 Dodging
 - Level 2.1 Stealth
 + Level 3.3 Unarmed Combat
 + Level 0.2 Invocations


You couldn't memorise any spells.
You didn't know any spells.
Your spell library contained the following spells:

 Spells                   Type           Power      Damage    Failure   Level
 Animate Skeleton         Necr           0%         N/A       47%         1
 Corpse Rot               Necr/Air       0%         N/A       63%         2
 Poisonous Vapours        Pois/Air       0%         N/A       63%         2
 Vampiric Draining        Necr           0%         2d6       85%         3
 Agony                    Necr           0%         N/A       100%        5


Dungeon Overview and Level Annotations

Branches:
Dungeon (1/15)

Altars:
Kikubaaqudgha

Shops:
D:1 ?


Innate Abilities, Weirdness & Mutations

You thrive by killing the living.
You are immune to poison.
You have sharp fingernails.
Your flesh is cold resistant. (rC+)
You are immune to negative energy. (rN+++)
You do not regenerate when monsters are visible.
You are immune to unholy pain and torment.


Message History

No target in view!
No target in view!
You see here a rat corpse.
You are caught in the web!
There is a web here.
You disentangle yourself.
Found a faded altar of an unknown god.
A goblin comes into view. It is wielding a +0 dagger.
The goblin shouts!
There is a faded altar of an unknown god here.
You cannot tell which god this altar belongs to.
Convert to them anyway?
Kikubaaqudgha accepts your prayer! Kikubaaqudgha welcomes you!
You can now receive cadavers from Kikubaaqudgha.
Kikubaaqudgha grants you a gift!
You add the spells Animate Skeleton, Vampiric Draining and Agony to your library.
Kikubaaqudgha is now protecting you from necromantic miscasts and death curses.
The goblin barely misses you.
Unknown command.
Press < or > to pray at altars.
Unknown command.
Press < or > to pray at altars.
You claw the goblin!
You kill the goblin!
Kikubaaqudgha accepts your kill.
No target in view!
No target in view!
No target in view!
(D) Dungeon
Where to? (? - help)
What level of the Dungeon? (default 1, ? - help)
You are caught in the web!
There is a web here.
You disentangle yourself.
You see here a rat corpse.
You see here a +0 mace.
There is a large open door here.
There is a staircase leading out of the dungeon here.
Are you sure you want to leave the Dungeon?
This will make you lose the game!
You have escaped!

........################..###.###
........# ###≈≈§≈≈§ #.....>...
........###≈≈≈≈§≈≈§ #......###
..##.##.##§§§§≈#§≈≈ #.####.#
........##§§§≈≈§§≈ #.# #.###
..##.##.#≈§#§≈≈≈≈ #.# #....
........#≈≈≈≈≈#### #.# #.###
#.......'.......># #.# #.#
####.##.'§§.....@# #.# #.#
####.#≈§≈≈§#### #.####.#
#.#§≈#≈≈≈≈≈§ #..).#.###
#.##§§§≈§≈≈≈≈ #.........
#.##§≈≈≈≈#≈≈≈≈ #.........
#.###≈≈≈≈≈§§§§ #.##.####. ..#
###≈≈≈≈§≈# #.##.# #. #. ########
###.##.# #. #...##.# #.


There were no monsters in sight!

Vanquished Creatures
  A ball python (D:1)
  A goblin (D:1)
  A hobgoblin (D:1)
  A bat (D:1)
  2 rats (D:1)
6 creatures vanquished.

Notes
Turn   | Place    | Note
-------+----------+-------------------------------------------
     0 | D:1      | HallandMoats the Ghoul Monk began the quest for the Orb.
     0 | D:1      | Reached XP level 1. HP: 19/19 MP: 0/0
   103 | D:1      | Found Fagoerau's Magic Scroll Emporium.
   108 | D:1      | Bought a scroll of identify for 20 gold pieces
   523 | D:1      | Found a faded altar of an unknown god.
   528 | D:1      | Prayed at the altar of an unknown god.
   528 | D:1      | Became a worshipper of Kikubaaqudgha
   528 | D:1      | Reached * piety under Kikubaaqudgha
   528 | D:1      | Received a gift from Kikubaaqudgha
   528 | D:1      | Reached ** piety under Kikubaaqudgha
   640 | D:$      | Safely got out of the dungeon.

Illustrated notes

Levels and vault maps discovered:
D:1:      lightli_molten_gateway, layout_basic, shapermc_ecumenical_altar_petra,
          serial_shops, nicolae_shop_competitors_out_of_business

Action                   || total
-------------------------++-------
Melee: Unarmed           ||    13
  Use: Scroll            ||     2
Armor: Robe              ||     4
Dodge: Dodged            ||     9

Table legend: (Time is in decaauts)
 A = Elapsed time spent in this place.
 B = Non-inter-level travel time spent in this place.
 C = Inter-level travel time spent in this place.
 D = Time resting spent in this place.
 E = Time spent auto-exploring this place.
 F = Levels seen in this place.
 G = Mean time per level.
                   A        B        C        D        E       F      G
               +--------+--------+--------+--------+--------+-----+--------+
         Total |    639 |    530 |    109 |      0 |    472 |   1 |  639.0 |
       Dungeon |    639 |    530 |    109 |      0 |    472 |   1 |  639.0 |
               +--------+--------+--------+--------+--------+-----+--------+

Top non-repeatable levels by time:
     D:1: 639 daAuts
